 Dungeon Crawl Stone Soup version 0.16.1-30-g34a7ffa (webtiles) character file.

81557 Krapule the Warrior (level 15, -3/138 (143) HPs)
             Began as a Minotaur Fighter on June 29, 2015.
             Was the Champion of Makhleb.
             Shot with an arrow by a naga sharpshooter (22 damage)
             ... on level 2 of the Snake Pit.
             The game lasted 03:38:12 (25361 turns).

Krapule the Warrior (Minotaur Fighter)             Turns: 25361, Time: 03:38:13

HP:   -3/138 (143)  AC: 23    Str: 23    XL:     15   Next: 27%
MP:   36/36         EV: 17    Int: 18    God:    Makhleb [******]
Gold: 1972          SH: 15    Dex: 14    Spells: 0 memorised, 14 levels left

rFire  . . .     SeeInvis .     F - +1 long sword (vamp)
rCold  + . .     Clarity  +     q - +3 scale mail of the Clam {rF- Regen+ rCorr}
rNeg   + + +     SustAb   .     c - +1 shield
rPois  +         Gourm    .     M - +3 hat of Pondering {ponderous, MR+ MP+10 Int+5}
rElec  +         Spirit   .     i - +1 cloak {+Inv}
rCorr  +         Warding  +     R - +2 pair of gloves "Khoet" {Contam rN+ Str-3 Dex+4 Slay+3}
rMut   .         Stasis   .     p - +0 pair of boots
MR     +++..     NoCast   +     x - amulet "Kuidusaa" {Ward -Cast rElec rN+ MR+ Int+3}
Stlth  ..........               W - ring "Newil" {rPois rC+ Int+2}
                                G - ring "Khiciura" {+Fly rF+ rN+}

@: lethally poisoned (-3 -> -4), exhausted, about to teleport, slowed, very
slow, extremely resistant to hostile enchantments, extremely unstealthy
A: retaliatory headbutt, horns 2, clarity, clever 1
a: Minor Destruction, Lesser Servant of Makhleb, Major Destruction, Greater
Servant of Makhleb, Renounce Religion, Evoke Invisibility, Evoke Flight


You were on level 2 of the Snake Pit.
You worshipped Makhleb.
Makhleb was exalted by your worship.
You were hungry.

You visited 5 branches of the dungeon, and saw 29 of its levels.
You also visited: Labyrinth and Volcano.

You collected 2853 gold pieces.
You spent 881 gold pieces at shops.

Inventory:

Hand weapons
 a - a +1 long sword of flaming
 F - a +1 vampiric long sword (weapon)
 L - the +8 falchion of the Gods {freeze, Str+6}
   (You found it in a labyrinth)

   It has been specially enchanted to freeze those struck by it, causing extra
   injury to most foes and up to half again as much damage against particularly
   susceptible opponents.
   It can also slow down cold-blooded creatures.
   It affects your strength (+6).
Armour
 c - a +1 shield (worn)
 i - a +1 cloak of invisibility (worn)
 p - a +0 pair of boots (worn)
 q - the +3 scale mail of the Clam (worn) {rF- Regen+ rCorr}
   (You bought it in a shop on level 9 of the Dungeon)

   It makes you vulnerable to fire.
   It increases your rate of regeneration.
   It protects you from acid and corrosion.
 M - the +3 hat of Pondering (worn) {ponderous, MR+ MP+10 Int+5}
   (You found it in a labyrinth)

   It affects your intelligence (+5).
   It affects your resistance to hostile enchantments.
   It affects your magic capacity (+10).
 R - the +2 pair of gloves "Khoet" (worn) {Contam rN+ Str-3 Dex+4 Slay+3}
   (You bought it in a shop on level 11 of the Dungeon)

   It affects your strength (-3).
   It affects your dexterity (+4).
   It affects your accuracy and damage with ranged weapons and melee attacks
   (+3).
   It protects you from negative energy.
   It causes magical contamination when unequipped.
Jewellery
 g - an uncursed ring of flight
 o - an uncursed ring of see invisible
 x - the amulet "Kuidusaa" (around neck) {Ward -Cast rElec rN+ MR+ Int+3}
   (You found it in a labyrinth)

   [amulet of warding]

   It may prevent the melee attacks of summoned creatures.
   It affects your intelligence (+3).
   It insulates you from electricity.
   It protects you from negative energy.
   It affects your resistance to hostile enchantments.
   It prevents spellcasting.
 G - the ring "Khiciura" (left hand) {+Fly rF+ rN+}
   (You took it off a kobold on level 7 of the Dungeon)

   [ring of flight]

   It protects you from fire.
   It protects you from negative energy.
   It lets you fly.
 W - the ring "Newil" (right hand) {rPois rC+ Int+2}
   (You found it on level 6 of the Lair of Beasts)

   [ring of poison resistance]

   It affects your intelligence (+2).
   It protects you from cold.
   It protects you from poison.
 Z - an uncursed amulet of regeneration
Magical devices
 A - a wand of invisibility (2)
 H - a wand of flame (9)
 K - a wand of hasting (0)
 X - a wand of teleportation (5)
Scrolls
 f - 4 scrolls of fear
 j - 5 scrolls of fog
 l - 6 scrolls of remove curse
 m - 3 scrolls of identify
 r - 7 scrolls of teleportation
 y - a scroll of blinking
 Y - a scroll of silence
Potions
 b - 2 potions of flight
 e - 3 potions of might
 h - 3 potions of heal wounds
 k - 6 potions of haste
 t - 3 potions of curing
 z - a potion of restore abilities
 C - a potion of resistance
 I - 3 potions of cancellation
 J - a potion of berserk rage
 N - a potion of cure mutation
Miscellaneous
 P - a legendary deck of summoning
Comestibles
 d - 17 bread rations
 n - 7 royal jellies


   Skills:
 + Level 15.8 Fighting
 - Level 9.0 Long Blades
 + Level 13.5 Armour
 - Level 12.0 Dodging
 - Level 15.0 Shields
 + Level 11.1 Invocations


You had 14 spell levels left.
You didn't know any spells.

Dungeon Overview and Level Annotations

Branches:
Dungeon (14/15)            Temple (1/1) D:4            Lair (8/8) D:8
  Swamp (0/5) Lair:5        Snake (2/5) Lair:6          Orc (4/4) D:9
    Elf (0/3) Orc:4        Vaults (0/5) D:13
  Slime: Lair:6-8

Altars:
Cheibriados
Fedhas
Gozag
Makhleb
Qazlal
Ru
Yredelemnul
Zin
The Shining One
Beogh

Shops:
D:4 (   D:9 [   D:11 =[(   Orc:2 (   Orc:4 [*::

Annotations:
D:11 exclusion: ice statue
D:14 Azrael
Lair:6 exclusion: oklob plant
Snake:2 Vashnia


Innate Abilities, Weirdness & Mutations

You reflexively headbutt those who attack you in melee.
You have a pair of horns on your head.
You possess an exceptional clarity of mind.
Your mind is acute. (Int +2)


Message History

Vashnia casts a spell.
The naga sharpshooter blinks! x3
Vashnia constricts your hellwing.
Read which item? (? for menu, Esc to quit)
As you read the scroll of teleportation, it crumbles to dust.
You feel strangely unstable.
You feel sick.
The naga sharpshooter mumbles some strange words.
The naga sharpshooter magically shoots an arrow.
The arrow hits you!
* * * LOW HITPOINT WARNING * * *
The naga sharpshooter shoots a bolt.
The bolt closely misses you.
Your hellwing hits Vashnia but does no damage.
Vashnia's shroud bends your hellwing's attack away.
Vashnia unwields an uncursed long sword of protection.
Vashnia wields a glowing longbow.
Vashnia shoots an arrow.
Your hellwing blocks the arrow.
Vashnia constricts your hellwing.
The naga sharpshooter gestures wildly while chanting.
The naga sharpshooter magically shoots an arrow.
The arrow hits you!!
You die...

.<..#......# )...#.....#
....#.....# ...)......# #
...##.....# ...
#)##......### ....
)).#........### ##?....
...##(....#...###)NN.....
....#.....#...((@4#
....#.....#...##§§...#
....###...#####.§....#
.#### ###.# .......# .#
### ....N...# ##
......N.... ...........
......... N.#


You could see Vashnia, 4 naga sharpshooters and a friendly hellwing.

Vanquished Creatures
  Rupert (Lair:3)
  Maud (Lair:5)
  4 vault guards (D:13)
  2 hydras
  A naga warrior (Snake:2)
  The ghost of Razmath the Blocker, a powerful VSFi of the Shining One (Lair:2)
  3 anacondas (Snake:1)
  A centaur warrior (D:10)
  A catoblepas (Snake:1)
  4 naga sharpshooters
  10 death yaks
  An ogre mage (D:13)
  A shock serpent (Snake:1)
  An orc high priest (Orc:4)
  2 skeletal warriors
  A naga ritualist (Snake:1)
  Pikel (D:7)
  An orc knight (Orc:2)
  6 salamanders
  4 ugly things
  2 centaur zombies (D:13)
  3 elephants (Lair:6)
  A moth of wrath (shapeshifter) (D:13)
  18 black mambas
  2 naga magi (Snake:2)
  Joseph (D:7)
  5 spiny frogs
  An orange demon (Snake:2)
  8 komodo dragons
  A redback zombie (D:14)
  7 fire drakes
  2 yaktaurs (D:13)
  A tengu conjurer (D:13)
  2 trolls
  A hellwing (Snake:2)
  Grinder (D:3)
  6 polar bears
  Prince Ribbit (D:8)
  A queen bee (D:11)
  A boulder beetle (Lair:7)
  9 blink frogs
  A raven (Lair:8)
  A trapdoor spider zombie (D:13)
  4 spriggans (Lair:8)
  A basilisk (Lab)
  A water elemental (D:13)
  A human (D:13)
  3 wyverns
  2 steam dragons
  8 hungry ghosts
  21 yaks
  13 hippogriffs
  Eustachio (D:10)
  A deep elf mage (D:10)
  2 vampire mosquitoes (D:12)
  A hell hound (D:13)
  3 mottled dragons
  24 water moccasins
  A soldier ant (D:12)
  12 nagas
  2 ice beasts
  26 wolves
  15 porcupines
  14 orc warriors
  7 centaurs
  An eye of draining (D:13)
  3 sky beasts
  3 black bears
  8 ogres
  6 phantoms
  2 big kobolds
  2 wasps
  16 crocodiles
  The ghost of Razmath the Magician, an average DEWz (D:3)
  22 giant frogs
  Blork the orc (D:5)
  A gnoll sergeant (D:5)
  A wyvern skeleton (D:13)
  3 scorpions
  A queen bee zombie (D:11)
  A troll zombie (D:9)
  A jelly (D:8)
  41 killer bees
  12 electric eels
  8 wights
  6 crimson imps
  A quasit (D:11)
  3 centaur skeletons
  3 giant frog zombies
  24 orc priests
  A giant frog skeleton (D:7)
  A gnoll shaman (D:4)
  11 hounds
  6 iguanas
  10 worker ants
  38 orc wizards
  3 killer bee zombies
  7 ogre zombies
  A sky beast zombie (D:11)
  16 sheep
  A hound skeleton (D:4)
  18 gnolls
  28 adders
  72 river rats
  3 shadow imps
  3 worms
  An adder zombie (D:5)
  An adder skeleton (D:10)
  3 giant geckos
  176 orcs
  13 bats
  2 bat zombies (D:7)
  7 giant cockroaches
  19 hobgoblins
  10 jackals
  20 kobolds
  2 ball pythons
  A giant gecko skeleton (D:8)
  7 giant newts
  22 goblins
  2 goblin skeletons (D:9)
  2 goblin zombies (D:9)
  A hobgoblin skeleton (D:9)
  3 hobgoblin zombies (D:9)
  13 orc zombies
  13 quokkas
  A quokka zombie (D:7)
  12 rats
  A ballistomycete (D:11)
1008 creatures vanquished.

Vanquished Creatures (collateral kills)
  Nergalle (Lair:1)
  A skeletal warrior (D:13)
  Erolcha (D:10)
  A hill giant (D:12)
  An orc knight (D:13)
  4 orc sorcerers (Orc:4)
  A black mamba (Snake:2)
  A porcupine (Lair:5)
  A water moccasin (Lair:3)
  3 orc warriors (Orc:4)
  6 orc priests (Orc:4)
  7 orc wizards (Orc:4)
  3 adders (Lair:1)
  4 river rats (Lair:1)
35 creatures vanquished.

Vanquished Creatures (others)
  An Executioner (Lair:5)
  A green death (Lair:4)
  A smoke demon (Lair:5)
  A hellwing (Lab)
  2 ynoxinuls
  4 neqoxecs
  A phantom (D:7)
  A giant frog (D:10)
  A hound (D:7)
  A worker ant (D:7)
  An adder (Lair:4)
  11 ufetubi
  2 orcs
  A giant spore (D:11)
  A bush (Lair:6)
  7 fungi
  9 plants
46 creatures vanquished.

Grand Total: 1089 creatures vanquished

Notes
Turn   | Place    | Note
--------------------------------------------------------------
     0 | D:1      | Krapule, the Minotaur Fighter, began the quest for the Orb.
     0 | D:1      | Reached XP level 1. HP: 19/19 MP: 1/1
   187 | D:1      | Reached XP level 2. HP: 22/27 MP: 1/1
   311 | D:1      | Reached skill level 1 in Dodging
   472 | D:1      | Reached XP level 3. HP: 28/33 MP: 2/2
   790 | D:2      | Reached skill level 4 in Fighting
   993 | D:2      | Reached XP level 4. HP: 40/40 MP: 2/2
  1339 | D:2      | Found a glowing golden altar of the Shining One.
  1440 | D:2      | Found a sacrificial altar of Ru.
  1549 | D:3      | Noticed Razmath's ghost (average DEWz)
  1568 | D:3      | Killed Razmath's ghost
  1568 | D:3      | Reached XP level 5. HP: 32/47 MP: 2/2
  1940 | D:3      | Noticed Grinder
  1964 | D:3      | Killed Grinder
  1964 | D:3      | Reached skill level 5 in Fighting
  1964 | D:3      | Reached skill level 5 in Armour
  1964 | D:3      | Reached skill level 5 in Shields
  1964 | D:3      | Reached XP level 6. HP: 43/56 MP: 3/3
  2187 | D:4      | Found a staircase to the Ecumenical Temple.
  2195 | Temple   | Entered the Ecumenical Temple
  2204 | Temple   | Became a worshipper of Makhleb the Destroyer
  2279 | D:4      | Found Zaog's Antique Weapon Shoppe.
  2798 | D:4      | Reached XP level 7. HP: 61/61 MP: 3/3
  2823 | D:5      | Entered Level 5 of the Dungeon
  3031 | D:5      | Noticed Blork the orc
  3048 | D:5      | Killed Blork the orc
  3073 | D:5      | Reached skill level 5 in Long Blades
  3088 | D:5      | Acquired Makhleb's first power
  3309 | D:5      | Reached skill level 6 in Fighting
  3466 | D:5      | Found a burning altar of Makhleb.
  3466 | D:5      | Noticed an Executioner
  3469 | D:5      | Noticed a smoke demon
  3469 | D:5      | Noticed a ynoxinul
  3694 | D:5      | Reached XP level 8. HP: 52/70 MP: 3/3
  3827 | D:5      | Acquired Makhleb's second power
  4085 | D:6      | Got a glittering glass ring
  4086 | D:6      | Identified the ring of the Morning {Fire rN++} (You found it on level 6 of the Dungeon)
  4403 | D:6      | Reached skill level 5 in Dodging
  4414 | D:6      | Reached skill level 7 in Shields
  4606 | D:7      | Noticed Joseph
  4646 | D:7      | Acquired Makhleb's third power
  4655 | D:7      | Reached XP level 9. HP: 70/74 MP: 4/4
  4676 | D:7      | Got a smoking brass ring
  4820 | D:7      | Noticed Pikel
  4835 | D:7      | Killed Pikel
  4835 | D:7      | Reached skill level 8 in Fighting
  5154 | D:7      | Killed Joseph
  5178 | D:7      | Reached skill level 9 in Shields
  5405 | D:8      | Identified the ring "Khiciura" {+Fly rF+ rN+} (You took it off a kobold on level 7 of the Dungeon)
  5489 | D:8      | Reached skill level 1 in Invocations
  5556 | D:8      | Reached XP level 10. HP: 86/86 MP: 5/5
  5558 | D:8      | Acquired Makhleb's fourth power
  5581 | D:8      | Noticed Prince Ribbit
  5596 | D:8      | Killed Prince Ribbit
  5850 | D:8      | Found a staircase to the Lair.
  6039 | D:9      | Gained mutation: Your mind is acute. (Int +2) [potion of beneficial mutation]
  6243 | D:9      | Found Jietip's Antique Armour Emporium.
  6247 | D:9      | Bought a smoking scale mail for 198 gold pieces
  6257 | D:9      | Identified the +3 scale mail of the Clam {rF- Regen+ rCorr} (You bought it in a shop on level 9 of the Dungeon)
  6363 | D:9      | Reached skill level 10 in Shields
  6394 | D:9      | Acquired Makhleb's fifth power
  6612 | D:9      | Found a staircase to the Orcish Mines.
  7310 | D:10     | Entered Level 10 of the Dungeon
  7310 | D:10     | Noticed a centaur warrior
  7396 | D:10     | Reached skill level 10 in Fighting
  7400 | D:10     | Killed a centaur warrior
  7606 | D:10     | Noticed Erolcha
  7642 | D:10     | Killed Erolcha
  7730 | D:10     | Reached skill level 11 in Shields
  7809 | D:10     | Reached XP level 11. HP: 96/96 MP: 11/11
  7961 | D:10     | Noticed Eustachio
  8371 | D:11     | Found Schos' Jewellery Shoppe.
  8371 | D:11     | Found a labyrinth entrance.
  8377 | Lab      | Entered a labyrinth
  8925 | Lab      | Noticed a minotaur
  8956 | Lab      | Got a flickering crystal amulet
  8957 | Lab      | Got an ichor-stained falchion
  8957 | Lab      | Got a shimmering robe
  8980 | D:11     | Identified the +2 robe of the Lily {rElec rCorr Str+6 Int-2 Dex-5} (You found it in a labyrinth)
  9021 | D:11     | Reached skill level 10 in Armour
  9039 | D:11     | Identified the amulet "Kuidusaa" {Ward -Cast rElec rN+ MR+ Int+3} (You found it in a labyrinth)
  9350 | D:11     | Found Ysaagg's Antique Weapon Emporium.
  9354 | D:11     | Found Kleg Niu's Armour Shop.
  9366 | D:11     | Bought the +2 pair of gloves "Khoet" {Contam rN+ Str-3 Dex+4 Slay+3} for 452 gold pieces
  9452 | D:11     | Reached skill level 12 in Shields
  9604 | D:11     | Noticed an ice statue
 10097 | D:12     | Reached skill level 5 in Invocations
 10205 | D:12     | Noticed a hill giant
 10211 | D:12     | Killed a hill giant
 10820 | D:8      | Identified a scroll of acquirement
 10822 | D:8      | Identified the +8 falchion of the Gods {freeze, Str+6} (You found it in a labyrinth)
 10829 | Lair:1   | Entered Level 1 of the Lair of Beasts
 10850 | Lair:1   | Reached skill level 13 in Shields
 11221 | Lair:1   | Noticed Nergalle
 11249 | Lair:1   | Killed Nergalle
 11268 | Lair:1   | Reached XP level 12. HP: 107/107 MP: 16/16
 11910 | Lair:2   | Noticed Razmath's ghost (powerful VSFi)
 11931 | Lair:2   | Killed Razmath's ghost
 11931 | Lair:2   | Reached skill level 14 in Shields
 12261 | Lair:2   | Got a pitted ring mail
 12262 | Lair:2   | Identified the cursed -3 ring mail of a Hundred Orbs {rElec} (You found it on level 2 of the Lair of Beasts)
 12624 | Lair:3   | Noticed a seven-headed hydra
 12771 | Lair:4   | Noticed an eight-headed hydra
 12786 | Lair:4   | Killed a 11-headed hydra
 12890 | Lair:3   | Noticed Rupert
 13111 | Lair:3   | Killed Rupert
 13111 | Lair:3   | Reached skill level 15 in Shields
 13506 | Lair:3   | Killed a nine-headed hydra
 13953 | Lair:4   | Reached XP level 13. HP: 117/117 MP: 20/20
 14595 | Lair:5   | Got a distressingly furry scale mail
 14943 | Orc:1    | Entered Level 1 of the Orcish Mines
 15572 | Orc:3    | Identified the +3 scale mail "Lur Ymiy" {rF- Str+2 Dex+4} (You found it on level 5 of the Lair of Beasts)
 15721 | Orc:3    | Found a dark tunnel.
 15786 | Volcano  | Entered a volcano
 15826 | Volcano  | Noticed Urug
 16271 | Orc:2    | Found Kur Jyut's Weapon Shoppe.
 16770 | Orc:1    | Found a roughly hewn altar of Beogh.
 16941 | Orc:4    | Entered Level 4 of the Orcish Mines
 17181 | Orc:4    | Found a staircase to the Elven Halls.
 17523 | Orc:4    | Found Qoehitir's Book Boutique.
 17535 | Orc:4    | Found Gherchin's Book Boutique.
 17542 | Orc:4    | Found Liyrodar's Armour Shop.
 17542 | Orc:4    | Found Klainazo's Assorted Antiques.
 17562 | Orc:4    | Bought a +1 cloak of invisibility for 231 gold pieces
 18158 | D:10     | Killed Eustachio
 19275 | D:13     | Reached skill level 10 in Dodging
 19347 | D:13     | Found a gate to the Vaults.
 19720 | D:14     | Noticed Azrael
 20195 | Lair:1   | Reached XP level 14. HP: 127/127 MP: 23/23
 20401 | Lair:5   | Noticed Maud
 20434 | Lair:5   | Killed Maud
 20476 | Lair:5   | Found a staircase to the Swamp.
 20876 | Lair:5   | Gained mutation: You possess an exceptional clarity of mind. [potion of beneficial mutation]
 21191 | Lair:6   | Found a blossoming altar of Fedhas.
 21333 | Lair:6   | Found a staircase to the Snake Pit.
 21446 | Lair:6   | Got a brightly glowing steel ring
 21447 | Lair:6   | Identified the ring "Newil" {rPois rC+ Int+2} (You found it on level 6 of the Lair of Beasts)
 21656 | Lair:6   | Reached skill level 10 in Invocations
 22098 | Lair:8   | Entered Level 8 of the Lair of Beasts
 22294 | Lair:8   | Reached skill level 15 in Fighting
 22371 | Lair:8   | Found an opulent altar of Gozag.
 23208 | Snake:1  | Entered Level 1 of the Snake Pit
 23965 | Snake:1  | Reached XP level 15. HP: 62/136 MP: 25/25
 25323 | Snake:2  | Noticed Vashnia
 25361 | Snake:2  | Shot with an arrow by a naga sharpshooter

Action                   |  1- 3 |  4- 6 |  7- 9 | 10-12 | 13-15 || total
-------------------------+-------+-------+-------+-------+-------++-------
Melee: Long sword        |   108 |   130 |   337 |  1190 |  1919 ||  3684
       Unarmed           |       |       |       |    15 |       ||    15
Invok: Lesser Servant of |       |       |     1 |    11 |    13 ||    25
       Minor Destruction |       |       |       |     2 |     2 ||     4
       Greater Servant o |       |       |       |     1 |     3 ||     4
       Major Destruction |       |       |       |       |     1 ||     1
Evoke: Wand              |       |       |       |    17 |    23 ||    40
  Use: Scroll            |     5 |     6 |     3 |     7 |    15 ||    36
       Potion            |     1 |     2 |     6 |     3 |     7 ||    19
 Stab: Distracted        |       |       |       |     5 |     2 ||     7
       Invisible         |       |       |       |       |     1 ||     1
  Eat: Chunk             |       |     6 |    10 |    27 |    38 ||    81
       Fruit             |       |       |       |     4 |       ||     4
       Beef jerky        |       |       |       |     2 |       ||     2
       Royal jelly       |       |       |       |     1 |       ||     1
       Meat ration       |       |       |       |       |     1 ||     1
